Stars vs Penguins (R1)

Created - April 28, 2017 at 18:21

Goals
1 2 3 T
Stars 0 0 3 3
Penguins 2 1 1 4
Shots
1 2 3 T
Stars 7 4 14 25
Penguins 14 13 12 39

1st period

1. Penguins , Steven Stamkos 55 (Andrew Cogliano 34) at 18:19
2. Penguins , Nathan Horton 24 (Sean Zimmerman 45, Sam Gagner 32) at 19:09

Penalties :
Andrew Cogliano (Pit) for High sticking (Minor) at 5:53, Steven Stamkos (Pit) for Roughing (Minor) at 16:07

2nd period

3. Penguins , Andrew Cogliano 30 (Sean Zimmerman 46, Bobby Ryan 50) at 5:50 (PP)

Penalties :
Michael Frolik (Dal) for Hooking (Minor) at 0:50, Pascal Leclaire (Dal) for Delaying the game (Minor) at 5:41 - Brian Lee served the penalty, Brian Lee (Dal) for Interference (Minor) at 9:00, Steven Stamkos (Pit) for Holding (Minor) at 18:39

3rd period

4. Stars , Radim Vrbata 29 (John Tavares 59) at 14:21 (PP)
5. Penguins , Andrew Cogliano 31 (Steven Stamkos 64) at 14:34
6. Stars , Radim Vrbata 30 (Trevor Daley 25, Pascal Leclaire) at 18:33 (PP)
7. Stars , Michal Handzus 19 (Peter Worrell 16, Trevor Daley 26) at 18:41

Penalties :
Radim Vrbata (Dal) for Hooking (Minor) at 0:22, Brian Lee (Dal) for Holding (Minor) at 4:36, Max Pacioretty (Pit) for Hooking (Minor) at 5:23, Bobby Ryan (Pit) for Roughing (Minor) at 14:16, Steve Sullivan (Pit) for Roughing (Minor) at 17:44

Goalie Stats

Pascal Leclaire (Dal), 35 saves from 39 shots - (0.897), L, 26-22-3, 58:45 minutes
Brian Elliott (Pit), 22 saves from 25 shots - (0.880), W, 42-14-3, 60:00 minutes

Players Stats for Stars

Player Name              G  A  P  +/- PIM S  H  SB GA TA FO     MP     PP MP  PK MP  
------------------------------------------------------------------------------------
Andrei Markov            0  0  0  -1  0   0  1  1  0  0  0/0    16:51   0:09   4:04 
Brian Lee                0  0  0  -1  4   1  2  2  0  0  0/0    25:18   5:16   1:38 
Evgeny Artyukhin         0  0  0   0  0   1  0  0  0  0  0/0     7:03   0:00   0:00 
John Tavares             0  1  1  -2  0   3  2  0  1  0  17/27  21:10   3:45   1:23 
Johnny Oduya             0  0  0   0  0   0  3  1  0  0  0/0    20:01   2:07   1:15 
Jussi Jokinen            0  0  0  -1  0   1  0  0  0  1  1/1    16:35   3:36   0:59 
Marcus Kruger            0  0  0   0  0   0  1  0  1  0  2/2     8:33   0:00   1:18 
Michael Frolik           0  0  0  -1  2   2  1  0  1  0  1/1    15:43   3:36   0:00 
Michal Handzus           1  0  1   1  0   1  1  4  0  0  7/14   14:41   0:00   3:56 
Paul Martin              0  0  0   0  0   1  0  1  1  0  0/0    19:11   1:58   1:49 
Peter Worrell            0  1  1   1  0   1  0  2  1  0  0/0    12:15   0:00   1:18 
Radim Vrbata             2  0  2  -2  2   8  3  0  0  0  1/2    18:40   3:45   0:00 
Ryan Getzlaf             0  0  0  -1  0   3  2  1  1  2  7/13   15:36   3:37   0:00 
Scott Hartnell           0  0  0  -2  0   1  2  0  0  0  0/1    20:01   3:45   0:32 
Scottie Upshall          0  0  0   1  0   0  1  0  0  0  0/0    10:31   0:00   0:00 
Sean Avery               0  0  0   0  0   0  0  0  0  0  0/0    10:37   0:00   3:48 
Shaone Morrisonn         0  0  0  -1  0   0  0  3  0  0  0/0    15:36   0:00   4:16 
Trevor Daley             0  2  2  -1  0   2  2  2  0  0  0/0    23:29   5:15   0:12 

Players Stats for Penguins

Player Name              G  A  P  +/- PIM S  H  SB GA TA FO     MP     PP MP  PK MP  
------------------------------------------------------------------------------------
Andrew Cogliano          2  1  3   2  2   4  1  1  0  0  0/2    19:09   3:22   0:20 
Bobby Ryan               0  1  1   1  2   2  1  0  0  1  0/0    21:09   3:42   1:57 
Brayden Schenn           0  0  0   0  0   2  0  2  0  0  6/13   12:34   0:23   4:35 
Brian McGrattan          0  0  0  -1  0   3  2  0  0  0  0/0    10:35   0:12   0:00 
Derek Joslin             0  0  0   0  0   1  1  1  0  1  0/0    10:27   0:00   0:00 
Dion Phaneuf             0  0  0   2  0   2  1  4  2  1  0/0    28:15   4:13   4:06 
Duncan Keith             0  0  0   0  0   0  1  4  0  1  0/0    21:18   2:24   3:16 
Josef Vasicek            0  0  0  -1  0   2  1  0  0  0  2/8    12:31   0:00   1:57 
Luke Schenn              0  0  0   0  0   1  3  1  0  1  0/0    21:18   2:24   3:16 
Max Pacioretty           0  0  0   1  2   2  2  0  1  0  0/2    14:45   2:42   0:00 
Nathan Horton            1  0  1   1  0   4  1  0  0  0  1/1    20:30   2:43   4:32 
Nikita Alexeev           0  0  0   0  0   0  2  0  0  0  0/0     6:39   0:00   0:00 
Paul Ranger              0  0  0   0  0   0  1  1  0  0  0/0    10:27   0:00   0:00 
Sam Gagner               0  1  1   2  0   4  1  0  0  0  2/9    15:56   2:52   0:17 
Sean Zimmerman           0  2  2   2  0   3  0  3  0  0  0/0    28:15   4:13   4:06 
Simon Gagné              0  0  0  -1  0   0  2  1  0  1  0/0    11:29   0:00   1:06 
Steve Sullivan           0  0  0   0  2   2  0  0  0  0  0/0     6:38   0:00   0:00 
Steven Stamkos           1  1  2   2  4   7  3  0  0  0  14/26  19:09   3:54   0:00 

3 Stars

1 - Andrew Cogliano (Pit)
2 - Sean Zimmerman (Pit)
3 - Steven Stamkos (Pit)

Power Play

Stars - 2 on 6 Attempt(s) - 33.33%
Penguins - 1 on 5 Attempt(s) - 20.00%

Penalty Kill

Stars - 4 on 5 Attempt(s) - 80.00% - Score 0 goal in Penalty Kill
Penguins - 4 on 6 Attempt(s) - 66.67% - Score 0 goal in Penalty Kill

Team Stat

Stars - Hits : 21 - Faceoff Wins : 36 - Blocked Shots : 17 - Penalty Minutes : 10
Penguins - Hits : 23 - Faceoff Wins : 25 - Blocked Shots : 18 - Penalty Minutes : 12

Official

Referees : O'Halloran Dan and Devorski Paul
Linesman : Darren Gibbs and Brian Murphy

Game Notes

No Game Note

Finance

Level 1 -- Attendance: 6000 (100.00%) -- Ticket Income $462,000
Level 2 -- Attendance: 4915 (98.30%) -- Ticket Income $221,175
Level 3 -- Attendance: 2000 (100.00%) -- Ticket Income $56,000
Level 4 -- Attendance: 3724 (93.10%) -- Ticket Income $74,480
Luxury Box -- Attendance: 1000 (100.00%) -- Ticket Income $160,000
Game was played at the Igloo.
Total Attendance: 17639 (97.99%)
Total Ticket Income: $973,655
Other Income: $146,048
Total Income: $1,119,703

Stars

5 vs 5 Forward 
   Center                   Left Wing                Right Wing               Time % Phy DF OF 
 1 John Tavares             Scott Hartnell           Radim Vrbata             38     0   2  3  
 2 Ryan Getzlaf             Jussi Jokinen            Michael Frolik           30     1   2  2  
 3 Michal Handzus           Peter Worrell            Scottie Upshall          20     1   2  2  
 4 Marcus Kruger            Sean Avery               Evgeny Artyukhin         12     1   2  2  

5 vs 5 Defense 
   Defense                  Defense                                           Time % Phy DF OF 
 1 Brian Lee                Trevor Daley                                      40     1   2  2  
 2 Paul Martin              Johnny Oduya                                      30     1   2  2  
 3 Andrei Markov            Shaone Morrisonn                                  20     1   3  1  
 4 Andrei Markov            Shaone Morrisonn                                  10     1   3  1  

PowerPlay Forward 
   Center                   Left Wing                Right Wing               Time % Phy DF OF 
 1 John Tavares             Scott Hartnell           Radim Vrbata             60     0   1  4  
 2 Ryan Getzlaf             Jussi Jokinen            Michael Frolik           40     0   2  3  

PowerPlay Defense
   Defense                  Defense                                           Time % Phy DF OF 
 1 Brian Lee                Trevor Daley                                      60     0   2  3  
 2 Paul Martin              Johnny Oduya                                      40     0   2  3  

Penalty Kill 4 Players Forward 
   Center                   Wing                     Time % Phy DF OF 
 1 Michal Handzus           Sean Avery               60     0   3  2  
 2 Marcus Kruger            Peter Worrell            40     0   3  2  

Penalty Kill 4 Players Defense
   Defense                  Defense                  Time % Phy DF OF 
 1 Andrei Markov            Shaone Morrisonn         60     1   3  1  
 2 Paul Martin              Brian Lee                40     1   3  1  

Penalty Kill - 3 Players Forward 
   Forward                                           Time % Phy DF OF 
 1 Michal Handzus                                    60     0   3  2  
 2 Radim Vrbata                                      40     0   3  2  

Penalty Kill - 3 Players Defense
   Defense                  Defense                  Time % Phy DF OF 
 1 Brian Lee                Johnny Oduya             60     0   4  1  
 2 Paul Martin              Trevor Daley             40     0   4  1  

4 vs 4 Forward 
   Center                   Wing                     Time % Phy DF OF 
 1 John Tavares             Scott Hartnell           60     1   2  2  
 2 Ryan Getzlaf             Radim Vrbata             40     1   2  2  

4 vs 4 Defense
   Defense                  Defense                  Time % Phy DF OF 
 1 Brian Lee                Johnny Oduya             60     1   2  2  
 2 Paul Martin              Trevor Daley             40     1   2  2  

Last Minutes Offensive
   Center                   Left Wing                Right Wing               Defense                  Defense                  
   John Tavares             Scott Hartnell           Radim Vrbata             Brian Lee                Johnny Oduya             

Last Minutes Defensive
   Center                   Left Wing                Right Wing               Defense                  Defense                  
   John Tavares             Scott Hartnell           Radim Vrbata             Brian Lee                Johnny Oduya             

Goaltenders
Starting : Pascal Leclaire          
Backup : Miika Kiprusoff          

Extra Forwards
Normal : Evgeny Artyukhin, Scottie Upshall, Michal Handzus - PP : Evgeny Artyukhin, Scottie Upshall - PK : Michal Handzus
Extra Defensemen
Normal : Andrei Markov, Shaone Morrisonn, Paul Martin - PP : Andrei Markov - PK : Shaone Morrisonn, Paul Martin
Penalty Shots
John Tavares, Scott Hartnell, Brian Lee, Peter Worrell, Jussi Jokinen

Scratches
None

Penguins

5 vs 5 Forward 
   Center                   Left Wing                Right Wing               Time % Phy DF OF 
 1 Steven Stamkos           Andrew Cogliano          Bobby Ryan               40     0   2  3  
 2 Sam Gagner               Max Pacioretty           Nathan Horton            30     0   2  3  
 3 Josef Vasicek            Simon Gagné              Brian McGrattan          20     0   2  3  
 4 Brayden Schenn           Steve Sullivan           Nikita Alexeev           10     0   2  3  

5 vs 5 Defense 
   Defense                  Defense                                           Time % Phy DF OF 
 1 Sean Zimmerman           Dion Phaneuf                                      45     1   2  2  
 2 Luke Schenn              Duncan Keith                                      33     1   2  2  
 3 Paul Ranger              Derek Joslin                                      22     1   2  2  
 4 Luke Schenn              Duncan Keith                                      0      1   2  2  

PowerPlay Forward 
   Center                   Left Wing                Right Wing               Time % Phy DF OF 
 1 Steven Stamkos           Andrew Cogliano          Bobby Ryan               60     0   1  4  
 2 Sam Gagner               Max Pacioretty           Nathan Horton            40     0   1  4  

PowerPlay Defense
   Defense                  Defense                                           Time % Phy DF OF 
 1 Sean Zimmerman           Dion Phaneuf                                      60     0   2  3  
 2 Luke Schenn              Duncan Keith                                      40     0   2  3  

Penalty Kill 4 Players Forward 
   Center                   Wing                     Time % Phy DF OF 
 1 Brayden Schenn           Nathan Horton            60     0   4  1  
 2 Josef Vasicek            Bobby Ryan               40     0   4  1  

Penalty Kill 4 Players Defense
   Defense                  Defense                  Time % Phy DF OF 
 1 Sean Zimmerman           Dion Phaneuf             60     1   4  0  
 2 Luke Schenn              Duncan Keith             40     1   4  0  

Penalty Kill - 3 Players Forward 
   Forward                                           Time % Phy DF OF 
 1 Nathan Horton                                     60     0   4  1  
 2 Bobby Ryan                                        40     0   4  1  

Penalty Kill - 3 Players Defense
   Defense                  Defense                  Time % Phy DF OF 
 1 Sean Zimmerman           Dion Phaneuf             60     1   4  0  
 2 Luke Schenn              Duncan Keith             40     1   4  0  

4 vs 4 Forward 
   Center                   Wing                     Time % Phy DF OF 
 1 Steven Stamkos           Bobby Ryan               60     0   2  3  
 2 Sam Gagner               Nathan Horton            40     0   2  3  

4 vs 4 Defense
   Defense                  Defense                  Time % Phy DF OF 
 1 Sean Zimmerman           Dion Phaneuf             60     1   2  2  
 2 Luke Schenn              Duncan Keith             40     1   2  2  

Last Minutes Offensive
   Center                   Left Wing                Right Wing               Defense                  Defense                  
   Steven Stamkos           Andrew Cogliano          Bobby Ryan               Sean Zimmerman           Dion Phaneuf             

Last Minutes Defensive
   Center                   Left Wing                Right Wing               Defense                  Defense                  
   Brayden Schenn           Andrew Cogliano          Nathan Horton            Sean Zimmerman           Dion Phaneuf             

Goaltenders
Starting : Brian Elliott            
Backup : Josh Tordjman            

Extra Forwards
Normal : Steven Stamkos, Sam Gagner, Josef Vasicek - PP : Steven Stamkos, Sam Gagner - PK : Simon Gagné
Extra Defensemen
Normal : Sean Zimmerman, Duncan Keith, Paul Ranger - PP : Paul Ranger - PK : Sean Zimmerman, Luke Schenn
Penalty Shots
Max Pacioretty, Bobby Ryan, Nathan Horton, Steven Stamkos, Andrew Cogliano

Scratches
Cory Sarich (Healthy), Oleg Kvasha (Healthy)

% Time on Ice - Stars

Lines # - Real PCT - Wanted PCT - Time Play
Normal Forward
1 - 32% - 38% - 14:09
2 - 28% - 30% - 12:08
3 - 24% - 20% - 10:31
4 - 16% - 12% - 6:49
Normal Defense
1 - 41% - 40% - 17:45
2 - 35% - 30% - 15:14
3 - 19% - 20% - 8:08
4 - 6% - 10% - 2:30
PP Forward
1 - 51% - 60% - 3:45
2 - 49% - 40% - 3:37
PP Defense
1 - 73% - 60% - 5:24
2 - 27% - 40% - 1:58
PK Forward
1 - 80% - 60% - 5:19
2 - 20% - 40% - 1:18
PK Defense
1 - 62% - 60% - 4:05
2 - 38% - 40% - 2:32
PK3 Forward
1 - 0% - 60%
2 - 0% - 40%
PK3 Defense
1 - 0% - 60%
2 - 0% - 40%
44 Forward
1 - 81% - 60% - 1:11
2 - 19% - 40% - 0:17
44 Defense
1 - 88% - 60% - 1:17
2 - 13% - 40% - 0:11
Last Minute Offensive  - 0:56
Last Minute Defensive  - 0:00
Total
Forward - 60:00
Defense - 60:00

% Time on Ice - Penguins

Lines # - Real PCT - Wanted PCT - Time Play
Normal Forward
1 - 33% - 40% - 14:31
2 - 28% - 30% - 12:03
3 - 24% - 20% - 10:23
4 - 15% - 10% - 6:39
Normal Defense
1 - 41% - 45% - 17:48
2 - 35% - 33% - 15:21
3 - 24% - 22% - 10:27
4 - 0% - 0% - 0:00
PP Forward
1 - 59% - 60% - 3:54
2 - 41% - 40% - 2:43
PP Defense
1 - 64% - 60% - 4:13
2 - 36% - 40% - 2:24
PK Forward
1 - 74% - 60% - 5:25
2 - 26% - 40% - 1:57
PK Defense
1 - 56% - 60% - 4:06
2 - 44% - 40% - 3:16
PK3 Forward
1 - 0% - 60%
2 - 0% - 40%
PK3 Defense
1 - 0% - 60%
2 - 0% - 40%
44 Forward
1 - 75% - 60% - 1:06
2 - 25% - 40% - 0:22
44 Defense
1 - 81% - 60% - 1:11
2 - 19% - 40% - 0:17
Last Minute Offensive  - 0:00
Last Minute Defensive  - 0:57
Total
Forward - 60:00
Defense - 60:00

Play by Play

1st period


0:01 of 1st period - Steven Stamkos wins face-off versus John Tavares in neutral zone.
0:16 of 1st period - Backhand shot by Steven Stamkos.
0:16 of 1st period - Shot Misses the Net.
1:16 of 1st period - Wrist shot by Simon Gagné.
1:16 of 1st period - Shot Misses the Net.
1:18 of 1st period - Wrist shot by Brian McGrattan.
1:18 of 1st period - Stopped by Pascal Leclaire with a rebound.
1:20 of 1st period - Slapshot by Sean Zimmerman.
1:20 of 1st period - Stopped by Pascal Leclaire without a rebound.
1:21 of 1st period - Steven Stamkos wins face-off versus John Tavares in Stars zone.
1:48 of 1st period - Luke Schenn is hit by Andrei Markov and loses puck.
2:13 of 1st period - Snap shot by Sam Gagner.
2:13 of 1st period - Stopped by Pascal Leclaire without a rebound.
2:14 of 1st period - Ryan Getzlaf wins face-off versus Steven Stamkos in Stars zone.
2:14 of 1st period - Ryan Getzlaf is hit by Duncan Keith.
2:26 of 1st period - Snap shot by Ryan Getzlaf.
2:26 of 1st period - Stopped by Brian Elliott without a rebound.
2:27 of 1st period - Sam Gagner wins face-off versus John Tavares in Penguins zone.
3:03 of 1st period - Wrist shot by John Tavares.
3:03 of 1st period - Stopped by Brian Elliott with a rebound.
3:05 of 1st period - Slapshot by Andrei Markov.
3:05 of 1st period - Shot Blocked by Paul Ranger.
3:07 of 1st period - Slapshot by Andrei Markov.
3:07 of 1st period - Shot Misses the Net.
3:09 of 1st period - Snap shot by Radim Vrbata.
3:09 of 1st period - Stopped by Brian Elliott with a rebound.
3:11 of 1st period - Snap shot by Radim Vrbata.
3:11 of 1st period - Shot Hit the Post.
3:13 of 1st period - Snap shot by Scott Hartnell.
3:13 of 1st period - Deflect By John Tavares.
3:13 of 1st period - Shot Blocked by Derek Joslin.
3:13 of 1st period - Puck is out of play.
3:14 of 1st period - Ryan Getzlaf wins face-off versus Steven Stamkos in Penguins zone.
3:46 of 1st period - Wrist shot by Max Pacioretty.
3:46 of 1st period - Deflect By Nathan Horton.
3:46 of 1st period - Shot Misses the Net.
3:46 of 1st period - Puck is out of play.
3:47 of 1st period - Josef Vasicek wins face-off versus Michal Handzus in Stars zone.
4:41 of 1st period - Wrist shot by Radim Vrbata.
4:41 of 1st period - Shot Blocked by Luke Schenn.
4:43 of 1st period - Backhand shot by Radim Vrbata.
4:43 of 1st period - Shot Misses the Net.
5:30 of 1st period - Icing by Scottie Upshall.
5:31 of 1st period - Ryan Getzlaf wins face-off versus Steven Stamkos in Stars zone.
5:38 of 1st period - Wrist shot by Ryan Getzlaf.
5:38 of 1st period - Stopped by Brian Elliott with a rebound.
5:53 of 1st period - Minor Penalty to Andrew Cogliano for High sticking.
5:54 of 1st period - John Tavares wins face-off versus Brayden Schenn in Penguins zone.
6:28 of 1st period - Wrist shot by Michael Frolik.
6:28 of 1st period - Shot Blocked by Duncan Keith.
7:53 of 1st period - Penalty to Andrew Cogliano is over, Andrew Cogliano is back on ice.
8:06 of 1st period - Slapshot by Steven Stamkos.
8:06 of 1st period - Shot Misses the Net.
8:12 of 1st period - Luke Schenn is hit by Scottie Upshall.
9:15 of 1st period - Peter Worrell is hit by Max Pacioretty and loses puck.
9:32 of 1st period - Wrist shot by Steve Sullivan.
9:32 of 1st period - Stopped by Pascal Leclaire with a rebound.
9:46 of 1st period - Radim Vrbata is hit by Paul Ranger and loses puck.
10:55 of 1st period - Backhand shot by Steven Stamkos.
10:55 of 1st period - Stopped by Pascal Leclaire without a rebound.
10:56 of 1st period - John Tavares wins face-off versus Sam Gagner in Stars zone.
11:05 of 1st period - Snap shot by Radim Vrbata.
11:05 of 1st period - Stopped by Brian Elliott with a rebound.
11:12 of 1st period - Snap shot by John Tavares.
11:12 of 1st period - Deflect By Radim Vrbata.
11:12 of 1st period - Shot Blocked by Sean Zimmerman.
11:12 of 1st period - Puck is out of play.
11:13 of 1st period - Steven Stamkos wins face-off versus Ryan Getzlaf in Penguins zone.
11:20 of 1st period - Wrist shot by Bobby Ryan.
11:20 of 1st period - Shot Blocked by Ryan Getzlaf.
11:22 of 1st period - Wrist shot by Andrew Cogliano.
11:22 of 1st period - Stopped by Pascal Leclaire without a rebound.
11:23 of 1st period - Jussi Jokinen wins face-off versus Steven Stamkos in Stars zone.
11:23 of 1st period - Jussi Jokinen is hit by Bobby Ryan.
11:37 of 1st period - Backhand shot by Bobby Ryan.
11:37 of 1st period - Stopped by Pascal Leclaire without a rebound.
11:38 of 1st period - John Tavares wins face-off versus Sam Gagner in Stars zone.
12:03 of 1st period - Bobby Ryan is hit by Johnny Oduya.
13:05 of 1st period - Slapshot by Steve Sullivan.
13:05 of 1st period - Shot Misses the Net.
13:07 of 1st period - Slapshot by Luke Schenn.
13:07 of 1st period - Stopped by Pascal Leclaire with a rebound.
13:27 of 1st period - Wrist shot by Jussi Jokinen.
13:27 of 1st period - Stopped by Brian Elliott with a rebound.
14:49 of 1st period - Shaone Morrisonn is hit by Steven Stamkos and loses puck.
14:58 of 1st period - Wrist shot by Bobby Ryan.
14:58 of 1st period - Stopped by Pascal Leclaire without a rebound.
14:59 of 1st period - John Tavares wins face-off versus Max Pacioretty in Stars zone.
14:59 of 1st period - John Tavares is hit by Max Pacioretty.
15:37 of 1st period - Off-side.
15:38 of 1st period - Michal Handzus wins face-off versus Josef Vasicek in neutral zone.
15:47 of 1st period - Snap shot by Scottie Upshall.
15:47 of 1st period - Shot Blocked by Dion Phaneuf.
15:53 of 1st period - Snap shot by Josef Vasicek.
15:53 of 1st period - Shot Misses the Net.
16:07 of 1st period - Minor Penalty to Steven Stamkos for Roughing.
16:08 of 1st period - John Tavares wins face-off versus Brayden Schenn in Penguins zone.
16:28 of 1st period - Dion Phaneuf is hit by John Tavares and loses puck.
18:07 of 1st period - Penalty to Steven Stamkos is over, Steven Stamkos is back on ice.
18:08 of 1st period - Brian Lee is hit by Steven Stamkos and loses puck.
18:19 of 1st period - Wrist shot by Steven Stamkos.
18:19 of 1st period - Goal by Steven Stamkos - Stars : 0 - Penguins : 1.
18:20 of 1st period - Steven Stamkos wins face-off versus Michal Handzus in neutral zone.
18:50 of 1st period - Wrist shot by Sam Gagner.
18:50 of 1st period - Shot Misses the Net.
18:52 of 1st period - Snap shot by Sam Gagner.
18:52 of 1st period - Stopped by Pascal Leclaire without a rebound.
18:53 of 1st period - Michael Frolik wins face-off versus Sam Gagner in Stars zone.
19:05 of 1st period - Snap shot by Sam Gagner.
19:05 of 1st period - Stopped by Pascal Leclaire with a rebound.
19:07 of 1st period - Snap shot by Sean Zimmerman.
19:07 of 1st period - Shot Blocked by Brian Lee.
19:09 of 1st period - Snap shot by Nathan Horton.
19:09 of 1st period - Goal by Nathan Horton - Stars : 0 - Penguins : 2.
19:10 of 1st period - John Tavares wins face-off versus Andrew Cogliano in neutral zone.
19:27 of 1st period - Steven Stamkos is hit by Radim Vrbata and loses puck.
19:46 of 1st period - Slapshot by Brian Lee.
19:46 of 1st period - Stopped by Brian Elliott with a rebound.
19:48 of 1st period - Snap shot by Michael Frolik.
19:48 of 1st period - Shot Misses the Net.
19:58 of 1st period - Snap shot by Max Pacioretty.
19:58 of 1st period - Stopped by Pascal Leclaire without a rebound.
19:59 of 1st period - Michal Handzus wins face-off versus Josef Vasicek in Stars zone.
Goals for this period are 0 for Stars vs 2 for Penguins.
Shots for this period are 7 for Stars vs 14 for Penguins.

2nd period


0:01 of 2nd period - John Tavares wins face-off versus Andrew Cogliano in neutral zone.
0:06 of 2nd period - Wrist shot by John Tavares.
0:06 of 2nd period - Stopped by Brian Elliott with a rebound.
0:33 of 2nd period - Icing by Trevor Daley.
0:34 of 2nd period - Steven Stamkos wins face-off versus Ryan Getzlaf in Stars zone.
0:50 of 2nd period - Minor Penalty to Michael Frolik for Hooking.
0:51 of 2nd period - Steven Stamkos wins face-off versus Michal Handzus in Stars zone.
1:21 of 2nd period - Slapshot by Dion Phaneuf.
1:21 of 2nd period - Stopped by Pascal Leclaire with a rebound.
1:23 of 2nd period - Snap shot by Sam Gagner.
1:23 of 2nd period - Shot Blocked by Andrei Markov.
1:25 of 2nd period - Slapshot by Dion Phaneuf.
1:25 of 2nd period - Shot Blocked by Shaone Morrisonn.
1:27 of 2nd period - Snap shot by Sean Zimmerman.
1:27 of 2nd period - Shot Blocked by Shaone Morrisonn.
2:02 of 2nd period - Icing by Luke Schenn.
2:03 of 2nd period - John Tavares wins face-off versus Steven Stamkos in Penguins zone.
2:50 of 2nd period - Penalty to Michael Frolik is over, Michael Frolik is back on ice.
2:50 of 2nd period - Slapshot by Peter Worrell.
2:50 of 2nd period - Shot Misses the Net.
2:52 of 2nd period - Slapshot by Shaone Morrisonn.
2:52 of 2nd period - Shot Blocked by Duncan Keith.
3:02 of 2nd period - Michael Frolik is hit by Brian McGrattan and loses puck.
3:21 of 2nd period - Brayden Schenn is hit by Scott Hartnell and loses puck.
5:02 of 2nd period - Luke Schenn is hit by Radim Vrbata and loses puck.
5:07 of 2nd period - Wrist shot by Scott Hartnell.
5:07 of 2nd period - Stopped by Brian Elliott with a rebound.
5:21 of 2nd period - Wrist shot by Evgeny Artyukhin.
5:21 of 2nd period - Shot Blocked by Andrew Cogliano.
5:23 of 2nd period - Slapshot by Trevor Daley.
5:23 of 2nd period - Deflect By Bobby Ryan.
5:23 of 2nd period - Stopped by Brian Elliott with a rebound.
5:35 of 2nd period - Slapshot by Luke Schenn.
5:35 of 2nd period - Shot Blocked by Brian Lee.
5:37 of 2nd period - Slapshot by Luke Schenn.
5:37 of 2nd period - Deflect By Sam Gagner.
5:37 of 2nd period - Stopped by Pascal Leclaire with a rebound.
5:39 of 2nd period - Wrist shot by Max Pacioretty.
5:39 of 2nd period - Shot Blocked by Trevor Daley.
5:41 of 2nd period - Wrist shot by Max Pacioretty.
5:41 of 2nd period - Stopped by Pascal Leclaire without a rebound.
5:41 of 2nd period - Minor Penalty to Pascal Leclaire for Delaying the game.
5:42 of 2nd period - Steven Stamkos wins face-off versus Michal Handzus in Stars zone.
5:46 of 2nd period - Slapshot by Sean Zimmerman.
5:46 of 2nd period - Shot Blocked by Michal Handzus.
5:48 of 2nd period - Slapshot by Sean Zimmerman.
5:48 of 2nd period - Stopped by Pascal Leclaire with a rebound.
5:50 of 2nd period - Wrist shot by Andrew Cogliano.
5:50 of 2nd period - Goal by Andrew Cogliano - Stars : 0 - Penguins : 3.
5:51 of 2nd period - Radim Vrbata wins face-off versus Steven Stamkos in neutral zone.
6:29 of 2nd period - Wrist shot by Michael Frolik.
6:29 of 2nd period - Stopped by Brian Elliott without a rebound.
6:30 of 2nd period - Ryan Getzlaf wins face-off versus Josef Vasicek in Penguins zone.
6:31 of 2nd period - Snap shot by Michael Frolik.
6:31 of 2nd period - Shot Misses the Net.
6:55 of 2nd period - Andrew Cogliano is hit by John Tavares and loses puck.
7:06 of 2nd period - Wrist shot by Steven Stamkos.
7:06 of 2nd period - Stopped by Pascal Leclaire with a rebound.
7:17 of 2nd period - Max Pacioretty is hit by Michal Handzus and loses puck.
7:22 of 2nd period - Michal Handzus is hit by Nathan Horton and loses puck.
7:39 of 2nd period - Wrist shot by Josef Vasicek.
7:39 of 2nd period - Shot Misses the Net.
7:41 of 2nd period - Snap shot by Simon Gagné.
7:41 of 2nd period - Shot Blocked by Johnny Oduya.
8:11 of 2nd period - Michael Frolik is hit by Nikita Alexeev and loses puck.
9:00 of 2nd period - Minor Penalty to Brian Lee for Interference.
9:01 of 2nd period - Steven Stamkos wins face-off versus Michal Handzus in Stars zone.
9:27 of 2nd period - Sean Avery is hit by Dion Phaneuf and loses puck.
11:00 of 2nd period - Penalty to Brian Lee is over, Brian Lee is back on ice.
11:08 of 2nd period - Simon Gagné is hit by Brian Lee and loses puck.
11:21 of 2nd period - Paul Martin is hit by Brian McGrattan and loses puck.
12:34 of 2nd period - Wrist shot by Michael Frolik.
12:34 of 2nd period - Shot Blocked by Sean Zimmerman.
14:08 of 2nd period - Slapshot by Brian McGrattan.
14:08 of 2nd period - Stopped by Pascal Leclaire with a rebound.
14:10 of 2nd period - Snap shot by Josef Vasicek.
14:10 of 2nd period - Stopped by Pascal Leclaire with a rebound.
15:47 of 2nd period - Snap shot by Steven Stamkos.
15:47 of 2nd period - Shot Misses the Net.
15:49 of 2nd period - Wrist shot by Andrew Cogliano.
15:49 of 2nd period - Shot Blocked by Michal Handzus.
15:51 of 2nd period - Slapshot by Dion Phaneuf.
15:51 of 2nd period - Shot Blocked by Peter Worrell.
15:53 of 2nd period - Snap shot by Dion Phaneuf.
15:53 of 2nd period - Shot Blocked by Michal Handzus.
15:55 of 2nd period - Slapshot by Sean Zimmerman.
15:55 of 2nd period - Shot Misses the Net.
16:05 of 2nd period - Michal Handzus is hit by Luke Schenn and loses puck.
16:39 of 2nd period - Duncan Keith is hit by Johnny Oduya and loses puck.
16:46 of 2nd period - Slapshot by Scottie Upshall.
16:46 of 2nd period - Shot Hit the Post.
16:48 of 2nd period - Wrist shot by Peter Worrell.
16:48 of 2nd period - Shot Misses the Net.
17:04 of 2nd period - Wrist shot by Brian McGrattan.
17:04 of 2nd period - Shot Blocked by Paul Martin.
17:14 of 2nd period - Snap shot by Josef Vasicek.
17:14 of 2nd period - Stopped by Pascal Leclaire without a rebound.
17:15 of 2nd period - Steven Stamkos wins face-off versus John Tavares in Stars zone.
17:42 of 2nd period - Max Pacioretty is hit by Michael Frolik.
17:43 of 2nd period - Icing by Max Pacioretty.
17:44 of 2nd period - Ryan Getzlaf wins face-off versus Sam Gagner in Penguins zone.
17:57 of 2nd period - Michael Frolik is hit by Derek Joslin and loses puck.
18:16 of 2nd period - Wrist shot by Nathan Horton.
18:16 of 2nd period - Stopped by Pascal Leclaire with a rebound.
18:18 of 2nd period - Wrist shot by Nathan Horton.
18:18 of 2nd period - Stopped by Pascal Leclaire with a rebound.
18:20 of 2nd period - Snap shot by Nathan Horton.
18:20 of 2nd period - Stopped by Pascal Leclaire with a rebound.
18:22 of 2nd period - Snap shot by Derek Joslin.
18:22 of 2nd period - Shot Misses the Net.
18:24 of 2nd period - Slapshot by Derek Joslin.
18:24 of 2nd period - Stopped by Pascal Leclaire without a rebound.
18:25 of 2nd period - John Tavares wins face-off versus Steven Stamkos in Stars zone.
18:39 of 2nd period - Minor Penalty to Steven Stamkos for Holding.
18:40 of 2nd period - John Tavares wins face-off versus Brayden Schenn in Penguins zone.
18:56 of 2nd period - Sean Zimmerman is hit by Radim Vrbata.
19:50 of 2nd period - Scott Hartnell is hit by Josef Vasicek and loses puck.
Goals for this period are 0 for Stars vs 1 for Penguins.
Shots for this period are 4 for Stars vs 13 for Penguins.

3rd period


0:01 of 3rd period - Brayden Schenn wins face-off versus John Tavares in neutral zone.
0:14 of 3rd period - Snap shot by Brayden Schenn.
0:14 of 3rd period - Stopped by Pascal Leclaire with a rebound.
0:16 of 3rd period - Slapshot by Dion Phaneuf.
0:16 of 3rd period - Deflect By Scott Hartnell.
0:16 of 3rd period - Stopped by Pascal Leclaire with a rebound.
0:22 of 3rd period - Minor Penalty to Radim Vrbata for Hooking.
0:23 of 3rd period - Sam Gagner wins face-off versus John Tavares in Stars zone.
0:39 of 3rd period - Penalty to Steven Stamkos is over, Steven Stamkos is back on ice.
1:02 of 3rd period - Slapshot by Bobby Ryan.
1:02 of 3rd period - Shot Misses the Net.
1:04 of 3rd period - Snap shot by Steven Stamkos.
1:04 of 3rd period - Shot Misses the Net.
1:10 of 3rd period - Wrist shot by Steven Stamkos.
1:10 of 3rd period - Stopped by Pascal Leclaire without a rebound.
1:11 of 3rd period - Michal Handzus wins face-off versus Sam Gagner in Stars zone.
1:11 of 3rd period - Michal Handzus is hit by Sam Gagner.
2:22 of 3rd period - Penalty to Radim Vrbata is over, Radim Vrbata is back on ice.
2:34 of 3rd period - Snap shot by John Tavares.
2:34 of 3rd period - Deflect By Jussi Jokinen.
2:34 of 3rd period - Shot Blocked by Simon Gagné.
2:34 of 3rd period - Puck is out of play.
2:35 of 3rd period - Brayden Schenn wins face-off versus Ryan Getzlaf in Penguins zone.
2:35 of 3rd period - Brayden Schenn is hit by Ryan Getzlaf.
2:51 of 3rd period - Wrist shot by Steve Sullivan.
2:51 of 3rd period - Stopped by Pascal Leclaire without a rebound.
2:52 of 3rd period - Steven Stamkos wins face-off versus John Tavares in Stars zone.
3:03 of 3rd period - Off-side.
3:04 of 3rd period - Steven Stamkos wins face-off versus Scott Hartnell in neutral zone.
3:50 of 3rd period - Icing by Michael Frolik.
3:51 of 3rd period - Ryan Getzlaf wins face-off versus Max Pacioretty in Stars zone.
4:06 of 3rd period - Nathan Horton is hit by Ryan Getzlaf and loses puck.
4:17 of 3rd period - Brian Lee is hit by Simon Gagné and loses puck.
4:36 of 3rd period - Minor Penalty to Brian Lee for Holding.
4:37 of 3rd period - Michal Handzus wins face-off versus Steven Stamkos in Stars zone.
4:46 of 3rd period - Snap shot by Sean Zimmerman.
4:46 of 3rd period - Stopped by Pascal Leclaire without a rebound.
4:47 of 3rd period - Steven Stamkos wins face-off versus Michal Handzus in Stars zone.
4:56 of 3rd period - Snap shot by Steven Stamkos.
4:56 of 3rd period - Shot Misses the Net.
4:58 of 3rd period - Wrist shot by Steven Stamkos.
4:58 of 3rd period - Shot Blocked by Shaone Morrisonn.
5:00 of 3rd period - Snap shot by Dion Phaneuf.
5:00 of 3rd period - Deflect By Steven Stamkos.
5:00 of 3rd period - Stopped by Pascal Leclaire with a rebound.
5:02 of 3rd period - Snap shot by Andrew Cogliano.
5:02 of 3rd period - Stopped by Pascal Leclaire with a rebound.
5:04 of 3rd period - Slapshot by Bobby Ryan.
5:04 of 3rd period - Shot Misses the Net.
5:06 of 3rd period - Slapshot by Dion Phaneuf.
5:06 of 3rd period - Deflect By Bobby Ryan.
5:06 of 3rd period - Shot Misses the Net.
5:06 of 3rd period - Puck is out of play.
5:07 of 3rd period - Michal Handzus wins face-off versus Sam Gagner in Stars zone.
5:23 of 3rd period - Minor Penalty to Max Pacioretty for Hooking.
5:24 of 3rd period - John Tavares wins face-off versus Steven Stamkos in Penguins zone.
6:10 of 3rd period - Wrist shot by Steven Stamkos.
6:10 of 3rd period - Stopped by Pascal Leclaire without a rebound.
6:11 of 3rd period - John Tavares wins face-off versus Sam Gagner in Stars zone.
6:36 of 3rd period - Penalty to Brian Lee is over, Brian Lee is back on ice.
6:44 of 3rd period - Wrist shot by Ryan Getzlaf.
6:44 of 3rd period - Stopped by Brian Elliott without a rebound.
6:45 of 3rd period - Nathan Horton wins face-off versus Ryan Getzlaf in Penguins zone.
6:45 of 3rd period - Nathan Horton is hit by Trevor Daley.
7:23 of 3rd period - Penalty to Max Pacioretty is over, Max Pacioretty is back on ice.
7:31 of 3rd period - Snap shot by Evgeny Artyukhin.
7:31 of 3rd period - Shot Misses the Net.
7:33 of 3rd period - Slapshot by Paul Martin.
7:33 of 3rd period - Stopped by Brian Elliott without a rebound.
7:34 of 3rd period - Marcus Kruger wins face-off versus Steven Stamkos in Penguins zone.
8:03 of 3rd period - Sean Zimmerman is hit by Scott Hartnell and loses puck.
8:14 of 3rd period - Wrist shot by John Tavares.
8:14 of 3rd period - Shot Misses the Net.
8:16 of 3rd period - Slapshot by Shaone Morrisonn.
8:16 of 3rd period - Shot Blocked by Dion Phaneuf.
8:46 of 3rd period - Steve Sullivan is hit by Trevor Daley and loses puck.
8:55 of 3rd period - Peter Worrell is hit by Luke Schenn and loses puck.
9:06 of 3rd period - Backhand shot by Brian Lee.
9:06 of 3rd period - Shot Blocked by Duncan Keith.
9:36 of 3rd period - Slapshot by Marcus Kruger.
9:36 of 3rd period - Shot Blocked by Duncan Keith.
9:54 of 3rd period - Snap shot by Brian McGrattan.
9:54 of 3rd period - Stopped by Pascal Leclaire with a rebound.
11:10 of 3rd period - Icing by Shaone Morrisonn.
11:11 of 3rd period - Marcus Kruger wins face-off versus Josef Vasicek in Stars zone.
11:22 of 3rd period - Backhand shot by Evgeny Artyukhin.
11:22 of 3rd period - Shot Blocked by Dion Phaneuf.
11:24 of 3rd period - Snap shot by Marcus Kruger.
11:24 of 3rd period - Deflect By Evgeny Artyukhin.
11:24 of 3rd period - Stopped by Brian Elliott without a rebound.
11:25 of 3rd period - Steven Stamkos wins face-off versus Radim Vrbata in Penguins zone.
12:18 of 3rd period - Off-side.
12:19 of 3rd period - John Tavares wins face-off versus Steven Stamkos in neutral zone.
12:30 of 3rd period - Wrist shot by Steven Stamkos.
12:30 of 3rd period - Stopped by Pascal Leclaire with a rebound.
13:09 of 3rd period - Simon Gagné is hit by Marcus Kruger and loses puck.
13:36 of 3rd period - Wrist shot by Brayden Schenn.
13:36 of 3rd period - Stopped by Pascal Leclaire with a rebound.
14:16 of 3rd period - Minor Penalty to Bobby Ryan for Roughing.
14:17 of 3rd period - John Tavares wins face-off versus Brayden Schenn in Penguins zone.
14:19 of 3rd period - Wrist shot by Radim Vrbata.
14:19 of 3rd period - Shot Blocked by Brayden Schenn.
14:21 of 3rd period - Snap shot by Radim Vrbata.
14:21 of 3rd period - Goal by Radim Vrbata - Stars : 1 - Penguins : 3.
14:22 of 3rd period - Steven Stamkos wins face-off versus John Tavares in neutral zone.
14:25 of 3rd period - John Tavares is hit by Steven Stamkos and loses puck.
14:34 of 3rd period - Snap shot by Andrew Cogliano.
14:34 of 3rd period - Goal by Andrew Cogliano - Stars : 1 - Penguins : 4.
14:35 of 3rd period - John Tavares wins face-off versus Steven Stamkos in neutral zone.
15:21 of 3rd period - Slapshot by Dion Phaneuf.
15:21 of 3rd period - Deflect By Simon Gagné.
15:21 of 3rd period - Shot Misses the Net.
15:21 of 3rd period - Puck is out of play.
15:22 of 3rd period - Josef Vasicek wins face-off versus Michal Handzus in Stars zone.
15:32 of 3rd period - Paul Martin is hit by Luke Schenn and loses puck.
15:53 of 3rd period - Snap shot by Nathan Horton.
15:53 of 3rd period - Shot Misses the Net.
15:55 of 3rd period - Slapshot by Derek Joslin.
15:55 of 3rd period - Shot Blocked by Peter Worrell.
15:57 of 3rd period - Snap shot by Nathan Horton.
15:57 of 3rd period - Shot Blocked by Michal Handzus.
16:30 of 3rd period - Johnny Oduya is hit by Nikita Alexeev.
17:18 of 3rd period - Snap shot by Nathan Horton.
17:18 of 3rd period - Shot Blocked by Trevor Daley.
17:42 of 3rd period - Wrist shot by Brian Lee.
17:42 of 3rd period - Shot Misses the Net.
17:44 of 3rd period - Minor Penalty to Steve Sullivan for Roughing.
17:45 of 3rd period - Brayden Schenn wins face-off versus Ryan Getzlaf in Penguins zone.
17:55 of 3rd period - Off-side.
17:56 of 3rd period - Ryan Getzlaf wins face-off versus Brayden Schenn in neutral zone.
17:59 of 3rd period - Slapshot by Trevor Daley.
17:59 of 3rd period - Deflect By Jussi Jokinen.
17:59 of 3rd period - Shot Misses the Net.
17:59 of 3rd period - Puck is out of play.
18:00 of 3rd period - Brayden Schenn wins face-off versus Ryan Getzlaf in Penguins zone.
18:13 of 3rd period - Snap shot by Michael Frolik.
18:13 of 3rd period - Shot Misses the Net.
18:15 of 3rd period - Snap shot by Michael Frolik.
18:15 of 3rd period - Stopped by Brian Elliott with a rebound.
18:29 of 3rd period - Snap shot by Radim Vrbata.
18:29 of 3rd period - Stopped by Brian Elliott with a rebound.
18:31 of 3rd period - Wrist shot by Radim Vrbata.
18:31 of 3rd period - Shot Blocked by Dion Phaneuf.
18:33 of 3rd period - Snap shot by Radim Vrbata.
18:33 of 3rd period - Goal by Radim Vrbata - Stars : 2 - Penguins : 4.
18:34 of 3rd period - Michal Handzus wins face-off versus Josef Vasicek in neutral zone.
18:39 of 3rd period - Snap shot by Peter Worrell.
18:39 of 3rd period - Stopped by Brian Elliott with a rebound.
18:41 of 3rd period - Wrist shot by Michal Handzus.
18:41 of 3rd period - Goal by Michal Handzus - Stars : 3 - Penguins : 4.
18:42 of 3rd period - Michal Handzus wins face-off versus Josef Vasicek in neutral zone.
18:45 of 3rd period - Stars, Pascal Leclaire is pulled from the net.
18:58 of 3rd period - Trevor Daley is hit by Simon Gagné and loses puck.
19:09 of 3rd period - Slapshot by Nathan Horton.
19:09 of 3rd period - Shot Misses the Net.
19:15 of 3rd period - Wrist shot by Scott Hartnell.
19:15 of 3rd period - Shot Blocked by Brayden Schenn.
19:17 of 3rd period - Slapshot by Trevor Daley.
19:17 of 3rd period - Stopped by Brian Elliott with a rebound.
19:19 of 3rd period - Wrist shot by Radim Vrbata.
19:19 of 3rd period - Stopped by Brian Elliott without a rebound.
19:20 of 3rd period - Barry Trotz call a timeout for Stars.
19:20 of 3rd period - John Tavares wins face-off versus Brayden Schenn in Penguins zone.
19:27 of 3rd period - Wrist shot by John Tavares.
19:27 of 3rd period - Shot Blocked by Sean Zimmerman.
19:33 of 3rd period - Snap shot by Radim Vrbata.
19:33 of 3rd period - Stopped by Brian Elliott without a rebound.
19:34 of 3rd period - John Tavares wins face-off versus Brayden Schenn in Penguins zone.
19:37 of 3rd period - Wrist shot by Radim Vrbata.
19:37 of 3rd period - Stopped by Brian Elliott with a rebound.
19:39 of 3rd period - Slapshot by Radim Vrbata.
19:39 of 3rd period - Shot Misses the Net.
19:41 of 3rd period - Snap shot by John Tavares.
19:41 of 3rd period - Stopped by Brian Elliott without a rebound.
19:42 of 3rd period - Brayden Schenn wins face-off versus John Tavares in Penguins zone.
19:42 of 3rd period - Brayden Schenn is hit by Brian Lee.
19:48 of 3rd period - John Tavares is hit by Andrew Cogliano and loses puck.
19:57 of 3rd period - Slapshot by Radim Vrbata.
19:57 of 3rd period - Deflect By John Tavares.
19:57 of 3rd period - Shot Misses the Net.
19:57 of 3rd period - Puck is out of play.
19:58 of 3rd period - Brayden Schenn wins face-off versus John Tavares in Penguins zone.
19:58 of 3rd period - Brayden Schenn is hit by Johnny Oduya.
Goals for this period are 3 for Stars vs 1 for Penguins.
Shots for this period are 14 for Stars vs 12 for Penguins.